 Dungeon Crawl Stone Soup version 0.24-a0-123-ga2403f3 (console) character file.

Game seed: 355956039246169016

43 Voker57 the Slasher (level 3, -2/28 HPs)
             Began as a Demonspawn Gladiator on Feb 22, 2019.
             Was a Follower of Yredelemnul.
             Slain by an adder (3 damage)
             ... on level 2 of the Dungeon.
             The game lasted 00:01:26 (1553 turns).

Voker57 the Slasher (Demonspawn Gladiator)          Turns: 1553, Time: 00:01:26

Health: -2/28      AC:  3    Str: 14    XL:     3   Next: 37%
Magic:  3/3        EV: 13    Int:  9    God:    Yredelemnul [*.....]
Gold:   50         SH:  0    Dex: 15    Spells: 2/2 levels left

rFire    . . .     SeeInvis .   a - +0 long sword
rCold    . . .     Gourm    .   (no shield)
rNeg     . . .     Faith    .   h - +0 leather armour
rPois    .         Spirit   .   (helmet restricted)
rElec    .         Reflect  .   (no cloak)
rCorr    .         Harm     .   (no gloves)
MR       .....                  (no boots)
Stlth    ++........             (no amulet)
HPRegen  0.09/turn              (no ring)
MPRegen  0.08/turn              (no ring)

@: lethally poisoned (-2 -> -11), hasted, very quick
A: antennae 1, nightstalker 1
a: Animate Remains, Renounce Religion


You were on level 2 of the Dungeon.
You worshipped Yredelemnul.
Yredelemnul was aware of your devotion.
You were not hungry.

You visited 1 branch of the dungeon, and saw 2 of its levels.

You collected 50 gold pieces.

Inventory:

Hand Weapons
 a - a +0 long sword (weapon)
 b - a +0 dagger
Missiles
 d - a throwing net (quivered)
Armour
 c - a +0 helmet
 h - a +0 leather armour (worn)
Scrolls
 e - 2 scrolls of remove curse {unknown}
 i - a scroll of enchant weapon {unknown}
 j - a scroll of blinking {unknown}
Potions
 k - a potion of curing {unknown}
 l - a potion of brilliance {unknown}
Comestibles
 f - a ration
 m - a chunk of flesh


   Skills:
 + Level 2.5 Fighting
 + Level 3.3 Long Blades
 - Level 1.7 Throwing
 + Level 3.0 Dodging
 + Level 0.6 Stealth


You had 2 spell levels left.
You didn't know any spells.
Your spell library was empty.

Dungeon Overview and Level Annotations

Branches:
Dungeon (2/15)

Altars:
Xom
Yredelemnul


Innate Abilities, Weirdness & Mutations

You have a pair of small antennae on your head.
You are slightly more attuned to the shadows.


Message History

You miss the adder.
The adder is heavily wounded.
You feel sick. The adder bites you.
You miss the adder.
The adder is heavily wounded.
* * * LOW HITPOINT WARNING * * *
You feel sick. The adder bites you but does no damage. The adder bites you.
* * * LOW HITPOINT WARNING * * *
You barely miss the adder.
The adder is heavily wounded.
* * * LOW HITPOINT WARNING * * *
You feel sick. The adder bites you.
* * * LOW HITPOINT WARNING * * *
It was a potion of haste.
You feel yourself speed up.
* * * LOW HITPOINT WARNING * * *
You feel sick. The adder misses you.
You riposte.
You hit the adder.
The adder is heavily wounded.
The adder bites you.
You die...
Your body rises from the dead as a mindless zombie.

########
#+######......### #
#.#....'......+.#
#..###.#.####......#.##
...........)...........
...###@#############.##
... #S# #.# ...+##.#
#.## ###......# #...
#........# ####
#.##.....# #.##.....#
########.##.....#
#.....##......#.#
#.....'.......#.#


You could see an adder.

Vanquished Creatures
  An adder (D:2)
  2 dart slugs
  A leopard gecko (D:1)
  A giant cockroach (D:1)
  A goblin (D:1)
  4 hobgoblins
  4 jackals (D:1)
  3 kobolds (D:1)
  A quokka (D:2)
  3 bats
  2 frilled lizards (D:1)
  5 rats
28 creatures vanquished.

Notes
Turn   | Place    | Note
-------+----------+-------------------------------------------
     0 | D:1      | Voker57 the Demonspawn Gladiator began the quest for the
                  | Orb.
     0 | D:1      | Reached XP level 1. HP: 16/16 MP: 1/1
   231 | D:1      | Found a shimmering altar of Xom.
   292 | D:1      | Gained mutation: You are slightly more attuned to the
                  | shadows. [demonic ancestry]
   292 | D:1      | Reached XP level 2. HP: 22/22 MP: 2/2
  1239 | D:2      | Gained mutation: You have a pair of small antennae on your
                  | head. [demonic ancestry]
  1239 | D:2      | Reached XP level 3. HP: 11/28 MP: 3/3
  1453 | D:2      | Found a faded altar of an unknown god.
  1472 | D:2      | Became a worshipper of Yredelemnul the Dark
  1472 | D:2      | Reached * piety under Yredelemnul
  1553 | D:2      | HP: 1/28 [poisoned by an adder]
  1553 | D:2      | Slain by an adder

Levels and vault maps discovered:
D:1:      minmay_arrival_four_houses, layout_basic, st_stairs_8,
          xom_teletrap_fun
D:2:      layout_basic, chequers_ecumenical_altar_simple_redux

Skill      XL: |  1  2 |
---------------+-------+-----
Long Blades    | 3 |  3.3
Dodging        | 3 |  3.0
Fighting       | |  2.5
Throwing       | |  1.7
Stealth        | |  0.6

Action                   || total
-------------------------++-------
Melee: Long sword        ||    96
       Dagger            ||    11
Throw: Throwing net      ||     3
  Use: Potion            ||     1
 Stab: Sleeping          ||     3
  Eat: Chunk             ||     2
Armor: Leather armour    ||    32
Dodge: Dodged            ||    67
       Rpst.: Long sword ||    19

Table legend:
 A = Non-vault XP
 B = Vault XP
 C = Vault XP percentage of total XP
 D = Non-vault monster count
 E = Vault monster count
 F = Vault count percentage of total count
                 A         B        C        D         E       F
            +---------+---------+-------+---------+---------+-------
      Total |      60 |       2 |   3.2 |      27 |       1 |   3.6
            +---------+---------+-------+---------+---------+-------
        D:1 |      32 |       2 |   5.9 |      19 |       1 |   5.0
        D:2 |      28 |       0 |   0.0 |       8 |       0 |   0.0
            +---------+---------+-------+---------+---------+-------
